 Dungeon Crawl Stone Soup version 0.18.1-48-g4cf74bf (webtiles) character file.

100 Alarkh the Poker (level 4, -1/33 HPs)
             Began as a Mummy Skald on July 30, 2016.
             Slain by an adder (3 damage)
             ... on level 2 of the Dungeon.
             The game lasted 00:03:23 (1799 turns).

Alarkh the Poker (Mummy Skald)                      Turns: 1799, Time: 00:03:23

Health: -1/33      AC:  3    Str: 15    XL:     4   Next: 46%
Magic:  2/7        EV: 11    Int: 12    God:
Gold:   56         SH:  0    Dex: 11    Spells: 1 memorised, 6 levels left

rFire  x . .     SeeInvis .     a - +0 spear
rCold  + . .     Gourm    .     b - +0 leather armour
rNeg   + + +     Faith    .     (no shield)
rPois  ∞         Spirit   .     (no helmet)
rElec  .         Dismiss  .     (no cloak)
rCorr  .         Reflect  .     (no gloves)
SustAt .         Harm     .     (no boots)
MR     .....                    (no amulet)
Stlth  ..........               (no ring)
                                d - ring of loudness (curse)

@: infused, very slightly contaminated, not resistant to hostile enchantments,
extremely unstealthy
A: no food or potions, fire vulnerability, cold resistance 1, negative energy
resistance 3, torment resistance, unbreathing
a: no special abilities


You were on level 2 of the Dungeon.
You were not hungry.

You visited 1 branch of the dungeon, and saw 2 of its levels.

You collected 56 gold pieces.

Inventory:

Hand Weapons
 a - a +0 spear (weapon)
Armour
 b - a +0 leather armour (worn)
Jewellery
 d - a cursed ring of loudness (left hand)
Scrolls
 e - a scroll of fog {unknown}
 f - 3 scrolls of noise {unknown}
Books
 c - a book of Battle

   Spells                             Type                      Level
   a - Infusion                       Charms                       1
   b - Shroud of Golubria             Charms/Translocation         2
   c - Song of Slaying                Charms                       2
   d - Spectral Weapon                Hexes/Charms                 3
   e - Regeneration                   Charms/Necromancy            3


   Skills:
 - Level 2.0(1.0) Fighting
 + Level 3.9(1.9) Polearms
 - Level 0.7(0.3) Armour
 - Level 0.7(0.3) Dodging
 - Level 2.0(1.0) Spellcasting
 - Level 2.4(1.2) Charms


You had 6 spell levels left.
You knew the following spells:

 Your Spells              Type           Power        Failure   Level  Hunger
a - Infusion              Chrm           #...         28%         1    N/A

Dungeon Overview and Level Annotations

Branches:
Dungeon (2/15)

Altars:
Ashenzari

Annotations:
D:2 1 exclusion, Natasha


Innate Abilities, Weirdness & Mutations

You do not eat or drink.
Your flesh is vulnerable to fire.
You are immune to poison.
Your flesh is cold resistant.
You are immune to negative energy.
You are immune to unholy pain and torment.
You can survive without breathing.


Message History

You completely miss the adder.
The adder is heavily wounded.
The adder barely misses you.
You completely miss the adder.
The adder is heavily wounded.
The adder bites you.
* * * LOW HITPOINT WARNING * * *
Casting: Infusion
Confirm with . or Enter, or press ? or * to list all spells.
You extend your infusion's duration.
The adder closely misses you. The adder bites you.
* * * LOW HITPOINT WARNING * * *
Unknown command.
You hit the adder.
The adder is almost dead.
The adder bites you but does no damage.
You closely miss the adder.
The adder is almost dead.
The adder bites you.
You die...

##########
.......@S##
#########h#
#.#### #h5#.#
#w<#.#########
##.....#.....#
#...#w#.###.###
##.##.#.# #.#.h
#...5..###(#.#


You could see Natasha and an adder.

Vanquished Creatures
  Ijyb (D:1)
  Natasha (D:2)
  An adder (D:2)
  A giant gecko (D:1)
  2 ball pythons
  3 giant cockroaches (D:1)
  3 goblins
  5 hobgoblins
  7 jackals
  6 bats
  3 giant newts
  2 kobolds (D:1)
  7 rats
42 creatures vanquished.

Notes
Turn   | Place    | Note
--------------------------------------------------------------
     0 | D:1      | Alarkh the Mummy Skald began the quest for the Orb.
     0 | D:1      | Reached XP level 1. HP: 16/16 MP: 3/3
   118 | D:1      | Reached skill level 2 in Polearms
   189 | D:1      | Reached XP level 2. HP: 17/22 MP: 0/5
   735 | D:2      | Noticed Ijyb
   814 | D:1      | Killed Ijyb
   814 | D:1      | Reached skill level 3 in Polearms
   814 | D:1      | Reached XP level 3. HP: 16/27 MP: 0/6
  1091 | D:2      | Noticed Natasha
  1101 | D:2      | Killed Natasha
  1101 | D:2      | Reached XP level 4. HP: 9/33 MP: 1/7
  1441 | D:2      | Found a faded altar to an unknown god.
  1473 | D:2      | Noticed Natasha
  1492 | D:2      | Became a worshipper of Ashenzari the Shackled
  1492 | D:2      | Reached * piety under Ashenzari
  1492 | D:2      | Fell from the grace of Ashenzari
  1799 | D:2      | Slain by an adder

Skill      XL: |  1  2 |
---------------+-------+-----
Polearms       | 2 3 |  3.9
Fighting       | |  2.0
Armour         | |  0.7
Dodging        | |  0.7
Spellcasting   | |  2.0
Charms         | |  2.4

Action                   |  1- 3 |  4- 6 || total
-------------------------+-------+-------++-------
Melee: Spear             |   123 |    84 ||   207
 Cast: Infusion          |    14 |    11 ||    25
Invok: Renounce Religion |       |     1 ||     1
Armor: Leather armour    |    34 |    55 ||    89
Dodge: Dodged            |    60 |    76 ||   136
